 Dungeon Crawl Stone Soup version 0.28.0-45-g0d030f2227 (webtiles) character file.

Game seed: 14814486581971307662

46 101zpm the Chiller (level 3, 0/25 HPs)
             Began as a Gnoll Ice Elementalist on Apr 21, 2022.
             Slain by an orc wizard
             ... wielding a +0 dagger
              (3 damage)
             ... on level 3 of the Dungeon.
             The game lasted 00:03:13 (1622 turns).

101zpm the Chiller (Gnoll Ice Elementalist)         Turns: 1622, Time: 00:03:14

Health: 0/25       AC:  9    Str:  7    XL:     3   Next: 68%
Magic:  2/9        EV: 13    Int: 16    God:
Gold:   53         SH:  0    Dex: 12    Spells: 5/12 levels left

rFire   . . .      SeeInvis .   h - +0 battleaxe
rCold   . . .      Faith    .   (shield currently unavailable)
rNeg    . . .      Spirit   .   a - +0 robe
rPois   .          Reflect  .   (no helmet)
rElec   .          Harm     .   (no cloak)
rCorr   .          Rampage  .   (no gloves)
Will    .....                   (no boots)
Stlth   ++........              (no amulet)
HPRegen 0.08/turn               (no ring)
MPRegen 0.11/turn               (no ring)

@: ice-armoured, freezing walls, studying Staves
A: fangs 1, strong nose, distributed training
a: no special abilities


You were on level 3 of the Dungeon.
You visited 1 branch of the dungeon, and saw 3 of its levels.

You collected 53 gold pieces.

Inventory:

Hand Weapons
 h - a +0 battleaxe (weapon)
Armour
 a - a +0 robe (worn)
Scrolls
 d - a scroll of blinking {unknown}
 f - a scroll of fear {unknown}
 g - 3 scrolls of identify {unknown}
Potions
 b - a potion of brilliance {unknown}
 c - a potion of resistance {unknown}
 e - a potion of lignification {unknown}
 i - 3 potions of heal wounds {unknown}


   Skills:
 + Level 0.9 Fighting
 + Level 0.9 Short Blades
 + Level 0.9 Long Blades
 + Level 0.9 Axes
 + Level 0.9 Maces & Flails
 + Level 0.9 Polearms
 + Level 1.0 Staves
 + Level 0.9 Slings
 + Level 0.9 Bows
 + Level 0.9 Crossbows
 + Level 0.9 Throwing
 + Level 0.9 Armour
 + Level 4.5 Dodging
 + Level 4.2 Stealth
 + Level 0.9 Shields
 + Level 0.9 Unarmed Combat
 + Level 5.0 Spellcasting
 + Level 0.6 Conjurations
 + Level 0.6 Hexes
 + Level 0.6 Summonings
 + Level 0.6 Necromancy
 + Level 0.6 Translocations
 + Level 0.6 Transmutations
 + Level 0.6 Fire Magic
 + Level 7.1 Ice Magic
 + Level 0.6 Air Magic
 + Level 0.6 Earth Magic
 + Level 0.6 Poison Magic
 + Level 1.0 Invocations
 + Level 0.9 Evocations


You had 5 spell levels left.
You knew the following spells:

 Your Spells              Type           Power      Damage    Failure   Level
a - Freeze                Ice            100%       1d11      1%          1
b - Frozen Ramparts       Ice            52%        1d7       2%          3
c - Ozocubu's Armour      Ice            26%        N/A       2%          3

Your spell library contained the following spells:

 Spells                   Type           Power      Damage    Failure   Level
 Hailstorm                Conj/Ice       16%        3d6       30%         4


Dungeon Overview and Level Annotations

Branches:
Dungeon (3/15)

Altars:

Shops:
D:1 =


Innate Abilities, Weirdness & Mutations

You have very sharp teeth.
Your uncanny sense of smell can sniff out nearby items.
Your experience applies equally to all skills.


Message History

A sky beast comes into view.
The orc closely misses you.
You closely miss the orc.
The orc is severely wounded.
The orc hits you but does no damage.
You closely miss the orc.
The orc is severely wounded.
You miss something. The orc hits you with a +0 club. Something hits you.
The orc closely misses you. Something hits you.
You barely miss the orc.
The orc is severely wounded.
You hit something but do no damage. The orc closely misses you.
The orc misses you. Something hits you but does no damage.
The orc hits you from afar with a +0 trident.
The sky beast hits you.
* * * LOW HITPOINT WARNING * * *
The sky beast shocks you.
* * * LOW HITPOINT WARNING * * *
The orc closely misses you.
Casting: Freeze (safe; 1% risk of failure)
Confirm with . or Enter, or press ? or * to list all spells.
Casting: Frozen Ramparts (dangerous; 2% risk of failure)
Press: ? - help, Dir - look around, f - activate The walls around you are covered in ice.
The wall freezes something.
The wall freezes the orc.
The orc closely misses you.
The wall freezes the sky beast.
The sky beast completely misses you.
Casting: Frozen Ramparts (dangerous; 2% risk of failure)
Confirm with . or Enter, or press ? or * to list all spells.
A film of ice covers your body!
The wall freezes the orc.
You kill the orc!
The wall freezes the sky beast!
The sky beast flickers out of sight!
Something hits you but does no damage.
The wall freezes the orc.
You kill the orc!
Your Staves skill increases to level 1!
Aiming: Freeze (safe; 1% risk of failure)
Press: ? - help, Q - select action, (/) - cycle Shift-Dir - straight line You freeze something!
The wall freezes something.
Something hits you.
You die...

#.^# #......#
#..#
########..#
..........#
#########.#
#.# #.#
#.############
#.....@)).....
######.{######
......
#.####.# #. #∆
.. ##


There were no monsters in sight!

Vanquished Creatures
  An adder (D:2)
  7 orcs (D:3)
  A bat (D:3)
  An endoplasm (D:3)
  A giant cockroach (D:1)
  4 goblins
  3 hobgoblins
  2 quokkas
  A ball python (D:1)
  2 frilled lizards (D:1)
  4 kobolds (D:1)
  2 rats (D:1)
29 creatures vanquished.

Notes
Turn   | Place    | Note
-------+----------+-------------------------------------------
     0 | D:1      | 101zpm the Gnoll Ice Elementalist began the quest for the
                  | Orb.
     0 | D:1      | Reached XP level 1. HP: 13/13 MP: 6/6
   245 | D:1      | Reached XP level 2. HP: 19/19 MP: 4/7
   336 | D:1      | Found Etuomn's Jewellery Shop.
   771 | D:1      | You fall into a shaft and drop 1 floor!
   786 | D:2      | Reached XP level 3. HP: 11/25 MP: 6/9
   994 | D:3      | Reached skill level 5 in Spellcasting
  1186 | D:3      | Reached skill level 1 in Invocations
  1360 | D:3      | Learned a level 3 spell: Frozen Ramparts
  1364 | D:3      | Learned a level 3 spell: Ozocubu's Armour
  1616 | D:3      | Noticed a sky beast
  1622 | D:3      | Reached skill level 1 in Staves
  1622 | D:3      | Slain by an orc wizard

Illustrated notes

Levels and vault maps discovered:
D:1:      minmay_arrival_semitransparent, layout_loops_cross, serial_shops,
          shop, bh_walls_and_bars
D:2:      layout_rooms, basic_altar, minmay_close_crescents
D:3:      minmay_thinvault, layout_basic

Skill      XL: |  1  2  3 |
---------------+----------+-----
Spellcasting   | 5 |  5.0
Invocations    | 1 |  1.0
Staves         | 1 |  1.0
Fighting       | |  0.9
Short Blades   | |  0.9
Long Blades    | |  0.9
Axes           | |  0.9
Maces & Flails | |  0.9
Polearms       | |  0.9
Slings         | |  0.9
Bows           | |  0.9
Crossbows      | |  0.9
Throwing       | |  0.9
Armour         | |  0.9
Dodging        | |  4.5
Stealth        | |  4.2
Shields        | |  0.9
Unarmed Combat | |  0.9
Conjurations   | |  0.6
Hexes          | |  0.6
Summonings     | |  0.6
Necromancy     | |  0.6
Translocations | |  0.6
Transmutations | |  0.6
Fire Magic     | |  0.6
Ice Magic      | |  7.1
Air Magic      | |  0.6
Earth Magic    | |  0.6
Poison Magic   | |  0.6
Evocations     | |  0.9

Action                   || total
-------------------------++-------
Melee: Battleaxe         ||    46
       Bite              ||     3
       Unarmed           ||     1
 Cast: Freeze            ||    20
       Ozocubu's Armour  ||     1
       Frozen Ramparts   ||     1
 Stab: Sleeping          ||     2
Armor: Robe              ||    11
Dodge: Dodged            ||    54
